General information
- name: BNet
- type: Ladder team game (AT/RT)
- host: Battle.net
- saver: NAZl_SUPREMACY
map: FullScaleAssault
- players: 8
- length: 40:50
- speed: Fast
- version: 1.26 W3XP
- replay type: Public
» download(279 KB)
Players
team 1 (loser)
ike.rose (
green | 40 APM | 1622 actions | 40:24)
7 Archmage
3 Summon Water Elemental
3 Brilliance Aura
1 Mass Teleport
» actions
| Assign group hotkey | 46 | |
| Basic commands | 82 | |
| Build / train | 82 | |
| ESC pressed | 1 | |
| Enter build submenu | 26 | |
| Enter hero's abilities submenu | 7 | |
| Give item / drop item | 2 | |
| Remove unit from queue | 1 | |
| Right click | 446 | |
| Select / deselect | 465 | |
| Select group hotkey | 392 | |
| Use ability | 72 | |
1622 total
» units
| Peasant | 10 | |
| Footman | 7 | |
| Knight | 12 | |
| Siege Engine | 10 | |
39 total
» upgrades
| Defend | 1 | |
| Masonry | 3 | |
| Plating | 3 | |
| Swords | 3 | |
| Gunpowder | 3 | |
| Lumber Harvesting | 2 | |
| Barrage | 1 | |
| Animal War Training | 1 | |
| Armor | 1 | |
18 total
» buildings
| Altar of Kings | 1 | |
| Barracks | 2 | |
| Farm | 11 | |
| Scout Tower | 15 | |
| Arcane Tower | 2 | |
| Lumber Mill | 1 | |
| Guard Tower | 11 | |
| Arcane Vault | 1 | |
| Keep | 1 | |
| Blacksmith | 1 | |
| Castle | 1 | |
| Workshop | 1 | |
| Town Hall | 1 | |
| Gryphon Aviary | 1 | |
50 total
» build order
00:11 Altar of Kings
00:22 Barracks
00:26 Farm
00:41 Farm
01:51 Scout Tower
02:28 Arcane Tower
02:38 Farm
03:15 Scout Tower
03:17 Scout Tower
03:17 Scout Tower
03:18 Scout Tower
03:21 Farm
03:24 Farm
03:47 Scout Tower
03:51 Lumber Mill
04:23 Arcane Tower
04:50 Guard Tower
04:51 Guard Tower
05:15 Guard Tower
05:37 Guard Tower
05:42 Farm
05:45 Farm
05:46 Farm
05:50 Arcane Vault
05:56 Keep
07:17 Blacksmith
08:21 Castle
08:51 Workshop
09:27 Scout Tower
09:30 Scout Tower
09:35 Scout Tower
09:36 Scout Tower
09:37 Scout Tower
09:38 Scout Tower
10:03 Barracks
10:05 Guard Tower
10:50 Guard Tower
11:26 Guard Tower
12:23 Guard Tower
18:54 Farm
19:20 Farm
19:36 Farm
30:32 Town Hall
33:57 Scout Tower
33:57 Scout Tower
33:59 Scout Tower
34:58 Gryphon Aviary
35:43 Guard Tower
35:44 Guard Tower
35:51 Guard Tower
» items

»
jlegg (
pink | 73 APM | 2869 actions | 39:30)
8 Death Knight
3 Death Coil
3 Unholy Aura
2 Animate Dead
3 Crypt Lord
1 Impale
2 Carrion Beetles
» actions
| Assign group hotkey | 72 | |
| Basic commands | 12 | |
| Build / train | 132 | |
| ESC pressed | 10 | |
| Enter build submenu | 49 | |
| Enter hero's abilities submenu | 13 | |
| Remove unit from queue | 8 | |
| Right click | 1178 | |
| Select / deselect | 514 | |
| Select group hotkey | 761 | |
| Use ability | 120 | |
2869 total
» units
| Acolyte | 17 | |
| Ghoul | 14 | |
| Crypt Fiend | 13 | |
| Gargoyle | 24 | |
| Frost Wyrm | 12 | |
80 total
» upgrades
| Web | 2 | |
| Creature Attack | 1 | |
| Creature Carapace | 5 | |
| Freezing Breath | 2 | |
| Ghoul Frenzy | 2 | |
| Unholy Strength | 0 | |
12 total
» buildings
| Altar of Darkness | 2 | |
| Crypt | 3 | |
| Ziggurat | 24 | |
| Nerubian Tower | 2 | |
| Graveyard | 4 | |
| Tomb of Relics | 2 | |
| Halls of the Dead | 2 | |
| Spirit Tower | 6 | |
| Sacrificial Pit | 2 | |
| Black Citadel | 2 | |
| Boneyard | 3 | |
| Necropolis | 1 | |
53 total
» build order
00:21 Altar of Darkness
00:25 Crypt
00:35 Crypt
00:40 Altar of Darkness
00:43 Ziggurat
00:47 Ziggurat
00:55 Ziggurat
01:06 Ziggurat
02:11 Nerubian Tower
02:14 Graveyard
02:21 Graveyard
02:23 Nerubian Tower
02:29 Tomb of Relics
02:34 Tomb of Relics
02:42 Graveyard
02:52 Graveyard
03:18 Halls of the Dead
03:22 Halls of the Dead
03:27 Ziggurat
03:34 Ziggurat
03:40 Ziggurat
04:23 Spirit Tower
04:24 Spirit Tower
04:27 Spirit Tower
04:33 Ziggurat
04:35 Ziggurat
06:27 Crypt
06:37 Sacrificial Pit
06:48 Black Citadel
06:51 Sacrificial Pit
07:19 Ziggurat
07:22 Spirit Tower
07:25 Spirit Tower
07:27 Black Citadel
07:40 Ziggurat
07:56 Ziggurat
08:33 Ziggurat
09:19 Boneyard
09:22 Boneyard
09:24 Boneyard
10:21 Ziggurat
10:22 Ziggurat
11:21 Necropolis
16:28 Ziggurat
16:32 Ziggurat
16:33 Ziggurat
16:36 Ziggurat
21:55 Spirit Tower
23:51 Ziggurat
23:55 Ziggurat
23:56 Ziggurat
23:58 Ziggurat
23:59 Ziggurat
» items
| Dust of Appearance | 2 | |
| Boots of Speed | 1 | |
| Orb of Corruption | 1 | |
| Scroll of Town Portal | 1 | |
5 total

»
Spicey7 (
purple | 54 APM | 2202 actions | 40:48)
7 Blademaster
3 Critical Strike
3 Wind Walk
1 Bladestorm
4 Pandaren Brewmaster
2 Drunken Brawler
2 Breath of Fire
5 Tauren Chieftain
3 Endurance Aura
2 War Stomp
3 Death Knight
2 Unholy Aura
1 Death Coil
» actions
| Basic commands | 26 | |
| Build / train | 124 | |
| Enter build submenu | 48 | |
| Enter hero's abilities submenu | 22 | |
| Give item / drop item | 2 | |
| Remove unit from queue | 4 | |
| Right click | 990 | |
| Select / deselect | 837 | |
| Use ability | 148 | |
2202 total
» units
| Peon | 23 | |
| Troll Headhunter/Berserker | 30 | |
| Shaman | 9 | |
| Troll Witch Doctor | 8 | |
| Gargoyle | 2 | |
| Goblin Zeppelin | 1 | |
73 total
» upgrades
| Ranged Weapons | 3 | |
| Spiked Barricades | 1 | |
| Armor | 2 | |
| Troll Regeneration | 1 | |
| Shaman Training | 2 | |
| Witch Doctor Training | 2 | |
| Berserker Upgrade | 1 | |
| Reinforced Defenses | 1 | |
| Stone Form | 1 | |
| Creature Attack | 1 | |
15 total
» buildings
| Orc Burrow | 7 | |
| Altar of Storms | 1 | |
| War Mill | 1 | |
| Barracks | 2 | |
| Watch Tower | 27 | |
| Great Hall | 2 | |
| Stronghold | 1 | |
| Fortress | 1 | |
| Spirit Lodge | 2 | |
| Voodoo Lounge | 2 | |
46 total
» build order
00:21 Orc Burrow
00:36 Altar of Storms
01:04 War Mill
01:23 Orc Burrow
01:45 Orc Burrow
02:19 Orc Burrow
02:45 Barracks
02:58 Barracks
04:33 Watch Tower
05:24 Watch Tower
06:03 Great Hall
07:04 Stronghold
07:10 Orc Burrow
08:12 Orc Burrow
08:33 Orc Burrow
09:26 Fortress
09:38 Spirit Lodge
09:39 Spirit Lodge
10:33 Watch Tower
10:38 Watch Tower
10:54 Watch Tower
10:58 Watch Tower
11:12 Watch Tower
11:15 Watch Tower
13:25 Voodoo Lounge
13:40 Voodoo Lounge
15:35 Watch Tower
15:36 Watch Tower
16:15 Watch Tower
16:39 Watch Tower
20:56 Watch Tower
20:58 Watch Tower
21:00 Watch Tower
21:03 Watch Tower
29:25 Watch Tower
29:56 Watch Tower
29:57 Watch Tower
29:59 Watch Tower
30:07 Great Hall
31:03 Watch Tower
31:05 Watch Tower
31:07 Watch Tower
31:10 Watch Tower
33:55 Watch Tower
33:56 Watch Tower
33:57 Watch Tower
» items
| Orb of Lightning | 3 | |
| Scroll of Town Portal | 1 | |
| Potion of Lesser Invulnerability | 1 | |
5 total
team 2 (winner)

»
ELOisGAY (
yellow | 74 APM | 703 actions | 09:30)
2 Mountain King
1 Storm Bolt
1 Bash
» actions
| Assign group hotkey | 11 | |
| Basic commands | 17 | |
| Build / train | 24 | |
| Enter build submenu | 17 | |
| Enter hero's abilities submenu | 2 | |
| Right click | 492 | |
| Select / deselect | 86 | |
| Select group hotkey | 33 | |
| Use ability | 21 | |
703 total
» units
| Peasant | 9 | |
| Footman | 7 | |
| Rifleman | 5 | |
21 total
» buildings
| Altar of Kings | 1 | |
| Barracks | 2 | |
| Farm | 9 | |
| Blacksmith | 1 | |
| Arcane Vault | 1 | |
| Scout Tower | 2 | |
| Lumber Mill | 1 | |
17 total
» build order
00:09 Altar of Kings
00:14 Barracks
00:17 Farm
01:03 Farm
02:09 Barracks
02:47 Farm
02:58 Blacksmith
03:26 Farm
04:05 Farm
04:43 Farm
06:07 Arcane Vault
06:10 Farm
06:24 Scout Tower
06:29 Scout Tower
07:15 Lumber Mill
08:25 Farm
08:27 Farm

»
LoRd-7 (
teal | 131 APM | 5347 actions | 40:49)
6 Blademaster
3 Wind Walk
2 Critical Strike
1 Bladestorm
8 Mountain King
2 Storm Bolt
2 Bash
1 Avatar
3 Thunder Clap
» actions
| Assign group hotkey | 23 | |
| Basic commands | 127 | |
| Build / train | 72 | |
| Enter build submenu | 15 | |
| Enter hero's abilities submenu | 14 | |
| Give item / drop item | 4 | |
| Right click | 2026 | |
| Select / deselect | 580 | |
| Select group hotkey | 2383 | |
| Use ability | 101 | |
5347 total
» units
| Peon | 6 | |
| Wind Rider | 11 | |
| Rifleman | 1 | |
| Footman | 2 | |
| Knight | 4 | |
24 total
» upgrades
| Ranged Weapons | 3 | |
| Armor | 2 | |
| Swords | 3 | |
| Plating | 2 | |
| Gunpowder | 1 | |
| Defend | 1 | |
| Envenomed Spears | 1 | |
13 total
» buildings
| Altar of Storms | 1 | |
| Orc Burrow | 5 | |
| Voodoo Lounge | 1 | |
| War Mill | 1 | |
| Stronghold | 1 | |
| Beastiary | 3 | |
| Guard Tower | 2 | |
| Fortress | 1 | |
| Watch Tower | 1 | |
16 total
» build order
00:12 Altar of Storms
00:24 Orc Burrow
01:17 Voodoo Lounge
02:14 War Mill
02:32 Stronghold
02:48 Orc Burrow
04:51 Orc Burrow
05:27 Beastiary
05:28 Beastiary
05:51 Beastiary
08:06 Orc Burrow
11:05 Guard Tower
11:12 Fortress
11:13 Orc Burrow
14:37 Guard Tower
18:26 Watch Tower
» items
| Healing Salve | 2 | |
| Lesser Clarity Potion | 4 | |
| Scroll of Speed | 1 | |
| Scroll of Healing | 1 | |
| Scroll of Town Portal | 2 | |
| Scroll of Regeneration | 4 | |
| Orb of Lightning | 1 | |
| Potion of Healing | 1 | |
16 total
OldSchoolSon (
orange | 69 APM | 2822 actions | 40:49)
10 Blademaster
3 Wind Walk
3 Critical Strike
1 Bladestorm
3 Mirror Image
» actions
| Assign group hotkey | 37 | |
| Basic commands | 11 | |
| Build / train | 124 | |
| Enter build submenu | 65 | |
| Enter hero's abilities submenu | 10 | |
| Give item / drop item | 11 | |
| Remove unit from queue | 3 | |
| Right click | 1263 | |
| Select / deselect | 523 | |
| Select group hotkey | 396 | |
| Use ability | 379 | |
2822 total
» units
| Peon | 15 | |
| Grunt | 4 | |
| Goblin Shredder | 2 | |
| Troll Batrider | 35 | |
| Wind Rider | 7 | |
63 total
» upgrades
| Armor | 3 | |
| Ranged Weapons | 3 | |
| Liquid Fire | 1 | |
| Reinforced Defenses | 1 | |
| Troll Regeneration | 1 | |
| Spiked Barricades | 1 | |
10 total
» buildings
| Altar of Storms | 1 | |
| Barracks | 2 | |
| Orc Burrow | 6 | |
| Voodoo Lounge | 1 | |
| Stronghold | 2 | |
| War Mill | 1 | |
| Great Hall | 3 | |
| Watch Tower | 43 | |
| Fortress | 1 | |
| Beastiary | 7 | |
67 total
» build order
00:34 Altar of Storms
00:43 Barracks
00:47 Orc Burrow
01:14 Orc Burrow
01:19 Orc Burrow
01:43 Voodoo Lounge
03:11 Stronghold
03:37 War Mill
04:40 Great Hall
05:12 Watch Tower
05:14 Watch Tower
05:16 Watch Tower
06:01 Watch Tower
06:02 Watch Tower
06:08 Orc Burrow
06:49 Watch Tower
07:05 Orc Burrow
08:49 Fortress
09:22 Watch Tower
09:26 Watch Tower
09:27 Watch Tower
09:33 Watch Tower
09:47 Beastiary
09:52 Beastiary
10:42 Beastiary
13:08 Watch Tower
13:10 Watch Tower
16:03 Watch Tower
16:04 Watch Tower
16:04 Watch Tower
16:05 Watch Tower
16:05 Watch Tower
16:07 Watch Tower
16:07 Watch Tower
16:07 Watch Tower
17:40 Beastiary
19:48 Orc Burrow
26:07 Watch Tower
26:08 Watch Tower
26:08 Watch Tower
26:09 Watch Tower
26:10 Watch Tower
26:24 Great Hall
26:26 Watch Tower
26:28 Watch Tower
26:30 Watch Tower
30:50 Beastiary
30:51 Beastiary
30:53 Barracks
30:55 Beastiary
33:04 Stronghold
35:30 Watch Tower
35:30 Watch Tower
35:31 Watch Tower
37:05 Watch Tower
37:06 Watch Tower
37:08 Watch Tower
37:09 Watch Tower
37:10 Watch Tower
37:12 Watch Tower
38:48 Great Hall
38:51 Watch Tower
38:51 Watch Tower
38:52 Watch Tower
38:53 Watch Tower
38:55 Watch Tower
38:55 Watch Tower
» items
| Healing Salve | 7 | |
| Boots of Speed | 1 | |
| Staff of Teleportation | 2 | |
| Potion of Healing | 5 | |
| Potion of Mana | 7 | |
| Lesser Clarity Potion | 6 | |
| Scroll of Town Portal | 3 | |
| Orb of Lightning | 1 | |
| Tiny Great Hall | 1 | |
33 total
NAZl_SUPREMACY (
red | 59 APM | 2420 actions | 40:50)
8 Mountain King
3 Storm Bolt
3 Bash
1 Thunder Clap
1 Avatar
6 Archmage
3 Blizzard
2 Brilliance Aura
1 Mass Teleport
» actions
| Assign group hotkey | 86 | |
| Basic commands | 33 | |
| Build / train | 146 | |
| Enter build submenu | 43 | |
| Enter hero's abilities submenu | 14 | |
| Give item / drop item | 9 | |
| Remove unit from queue | 6 | |
| Right click | 764 | |
| Select / deselect | 724 | |
| Select group hotkey | 456 | |
| Use ability | 139 | |
2420 total
» units
| Peasant | 9 | |
| Footman | 10 | |
| Goblin Shredder | 1 | |
| Flying Machine | 34 | |
| Blue Dragon | 1 | |
| Mortar Team | 12 | |
| Siege Engine | 3 | |
| Goblin Zeppelin | 1 | |
71 total
» upgrades
| Lumber Harvesting | 1 | |
| Masonry | 6 | |
| Swords | 0 | |
| Plating | 3 | |
| Flying Machine Bombs | 1 | |
| Gunpowder | 3 | |
| Flak Cannons | 1 | |
| Barrage | 1 | |
| Armor | 3 | |
| Fragmentation Shards | 1 | |
| Flare | 1 | |
| Backpack | 1 | |
22 total
» buildings
| Altar of Kings | 1 | |
| Farm | 12 | |
| Barracks | 1 | |
| Scout Tower | 17 | |
| Arcane Tower | 1 | |
| Arcane Vault | 1 | |
| Keep | 2 | |
| Lumber Mill | 1 | |
| Town Hall | 2 | |
| Castle | 4 | |
| Guard Tower | 11 | |
| Blacksmith | 1 | |
| Workshop | 3 | |
57 total
» build order
00:06 Altar of Kings
00:08 Farm
00:11 Barracks
01:34 Farm
02:16 Scout Tower
02:35 Farm
02:43 Arcane Tower
03:29 Arcane Vault
04:04 Keep
04:43 Farm
05:57 Lumber Mill
06:03 Farm
07:41 Town Hall
08:56 Castle
08:56 Castle
09:41 Guard Tower
09:41 Guard Tower
09:45 Scout Tower
09:46 Scout Tower
09:47 Scout Tower
09:52 Keep
10:24 Blacksmith
11:09 Workshop
11:25 Scout Tower
11:26 Scout Tower
11:27 Scout Tower
12:04 Workshop
12:12 Guard Tower
12:15 Castle
12:19 Scout Tower
12:20 Scout Tower
13:18 Farm
13:23 Farm
13:25 Farm
14:57 Scout Tower
14:57 Scout Tower
14:59 Scout Tower
16:06 Farm
16:37 Guard Tower
17:57 Scout Tower
18:33 Guard Tower
20:42 Scout Tower
20:46 Scout Tower
21:19 Guard Tower
21:30 Guard Tower
25:40 Town Hall
25:49 Farm
28:57 Farm
29:29 Scout Tower
29:30 Scout Tower
31:11 Guard Tower
33:05 Workshop
34:28 Farm
» items
| Scroll of Regeneration | 3 | |
| Periapt of Vitality | 1 | |
| Boots of Speed | 1 | |
| Staff of Teleportation | 1 | |
| Potion of Invisibility | 1 | |
| Scroll of Town Portal | 3 | |
| Potion of Healing | 1 | |
| Lesser Clarity Potion | 2 | |
13 total
Chat log
(00:11 / All) Spicey7: beware red is the supreme NOOB
(00:11 / All) OldSchoolSon: the borne white supremacy son
(00:18 / All) NAZl_SUPREMACY: what?
(00:21 / All) NAZl_SUPREMACY: no idea what you
(00:25 / All) OldSchoolSon: shut up piece of shit
(00:25 / All) NAZl_SUPREMACY: are talking bout
(00:29 / All) OldSchoolSon: you gonna get banned trash
(00:31 / All) Spicey7: he goes by many names but all start with NAZI
(00:41 / All) NAZl_SUPREMACY: uhh this is my only name?
(00:47 / All) NAZl_SUPREMACY: first time playing in 6 years
(00:58 / All) NAZl_SUPREMACY: no idea wtf your problem is
(01:19 / All) Spicey7: don't worry red won't disappoint with the supreme noobishness
(01:29 / All) NAZl_SUPREMACY: im confused, is my username similar to another player?
(01:39 / Allies) OldSchoolSon: Since they are staying they probably rush
(01:46 / Allies) NAZl_SUPREMACY: yeah
(01:52 / Allies) NAZl_SUPREMACY: they have problems list
(01:53 / Allies) NAZl_SUPREMACY: listening
(02:01 / Allies) OldSchoolSon: get some towers son
(02:12 / Allies) NAZl_SUPREMACY: ya soon is deezer son
(03:41 / All) Spicey7: how is noob supremacy doing?
(04:00 / All) NAZl_SUPREMACY: wtf is your problem man, I haven't played in years
(04:17 / Allies) LoRd-7: they mass
(04:23 / Allies) NAZl_SUPREMACY: tech
(06:12 / Allies) LoRd-7: yell some towers plz
(06:55 / Allies) NAZl_SUPREMACY: wood plz
(07:13 / Allies) NAZl_SUPREMACY: I'm expoing here
(09:30 / All) NAZl_SUPREMACY: he lag out
(09:31 / All) NAZl_SUPREMACY: is deezer son
(09:58 / Allies) OldSchoolSon: bats
(10:55 / Allies) LoRd-7: w8
(11:45 / Allies) NAZl_SUPREMACY: wood plz
(14:31 / Allies) OldSchoolSon: need melee
(16:47 / Allies) NAZl_SUPREMACY: tp
(16:54 / Allies) OldSchoolSon: we need mortars
(16:59 / Allies) OldSchoolSon: no more gyros
(17:22 / Allies) LoRd-7: รข
(17:24 / Allies) LoRd-7: b
(18:54 / Allies) NAZl_SUPREMACY: tp
(19:21 / Allies) OldSchoolSon: tp for next base
(19:30 / Allies) NAZl_SUPREMACY: all my shit died, thought you would tp god damn
(20:02 / All) Spicey7: yup supreme noobacy
(20:12 / All) NAZl_SUPREMACY: dude why the hell do you hate me so much?
(20:21 / All) NAZl_SUPREMACY: i haven't played in 6 years
(20:23 / Allies) LoRd-7: come
(20:25 / Allies) OldSchoolSon: lets go
(20:40 / All) Spicey7: causeit is funny
(20:51 / All) Spicey7: and orange sucks
(21:02 / Allies) NAZl_SUPREMACY: GO
(21:05 / Allies) NAZl_SUPREMACY: ATTACK OJ
(23:33 / All) NAZl_SUPREMACY: Level 5 hero for a level 7 hero? ill take it
(25:47 / Allies) OldSchoolSon: take out expos
(26:06 / Allies) NAZl_SUPREMACY: dont think they have any
(26:11 / Allies) OldSchoolSon: wood
(26:16 / Allies) LoRd-7: gold?
(26:51 / Allies) OldSchoolSon: let's kil;l purp
(27:01 / Allies) NAZl_SUPREMACY: think they're hitting me
(27:08 / Allies) NAZl_SUPREMACY: k
(27:15 / Allies) LoRd-7: b
(27:18 / Allies) LoRd-7: bb
(27:20 / Allies) LoRd-7: red
(29:11 / Allies) OldSchoolSon: kiull epxos
(29:17 / Allies) LoRd-7: g0g0
(29:29 / Allies) OldSchoolSon: b
(31:03 / Allies) OldSchoolSon: wood
(31:42 / Allies) LoRd-7: buy mana
(31:45 / Allies) LoRd-7: for mk
(32:28 / Allies) LoRd-7: b
(33:16 / Allies) LoRd-7: g0
(34:15 / Allies) NAZl_SUPREMACY: we can't let them mass expo
(35:12 / All) OldSchoolSon: :/
(35:39 / Allies) NAZl_SUPREMACY: I need mass tp and I can rape expos
(36:51 / Allies) NAZl_SUPREMACY: hit
(36:52 / Allies) OldSchoolSon: kill expos
(37:01 / Allies) LoRd-7: not easy
(37:02 / Allies) LoRd-7: :/
(37:21 / Allies) NAZl_SUPREMACY: you coming oj?
(37:33 / Allies) OldSchoolSon: yeah I'll buy tp staff
(38:18 / Allies) NAZl_SUPREMACY: mass tp
(38:19 / Allies) LoRd-7: 6
(38:21 / Allies) OldSchoolSon: it's dead
(38:27 / Allies) OldSchoolSon: buty a rabbit
(38:31 / Allies) NAZl_SUPREMACY: kill bot left tech imo
(38:38 / Allies) NAZl_SUPREMACY: no nearby vault
(38:53 / Allies) LoRd-7: care
(39:12 / All) jlegg: gg
(39:14 / All) NAZl_SUPREMACY: gg
(39:14 / Allies) LoRd-7: gj
(39:17 / All) ike.rose: gg
(39:20 / All) NAZl_SUPREMACY: Noob supremacy? wat?
(39:25 / All) NAZl_SUPREMACY: rest of you were cool though
(39:27 / All) Spicey7: you are you are terrible
(39:30 / All) NAZl_SUPREMACY: umad
(39:45 / All) OldSchoolSon: how mad you are bro
(39:51 / All) NAZl_SUPREMACY: you lost, how mad u are bro
(39:53 / All) Spicey7: not too mad it was well played
(39:57 / All) NAZl_SUPREMACY: 2v4 raped
(40:00 / All) NAZl_SUPREMACY: highper.ch son
(40:03 / All) NAZl_SUPREMACY: is deezer son
(40:04 / All) ike.rose: 2v3